AoeStats
← ThePurifier

Arabia

509496896Analyzed
1v1 RM · 7d ago on Sep 27, 2026· 54m 52s· 2 players
Game mode
Random Map
Map size
Tiny (2 player)
Population
200
Speed
Normal
Resources
Standard
Victory
Conquest
Starting age
Dark Age
Ending age
Imperial Age
RankedLock teamsTeams togetherTeam positionsShared explorationLock speedFull tech treeHidden civsTurbo modeCheats
Victory
Defeat
🇲🇽 Lithuanians · Mexico
1051
+17
🇦🇷 Mongols · Argentina
1071
-17
Tx8 | AlexisCubo
6:44 Loom
9:16 Feudal Age
20:03 Castle Age
18:18 Double-Bit Axe
18:19 Horse Collar
19:00 Bloodlines
19:37 Forging
21:05 Bow Saw
24:00 Iron Casting
25:06 Scale Barding Armor
31:31 Chain Barding Armor
33:26 Heavy Plow
42:33 Imperial Age
44:15 Chemistry
43:54 Plate Barding Armor
43:22 Husbandry
42:54 Cavalier
43:37 Herbal Medicine
46:16 Two-Man Saw
45:56 Crop Rotation
47:45 Paladin
53:36 Fletching
ThePurifier
0:26 Loom
9:16 Feudal Age
10:29 Double-Bit Axe
19:09 Castle Age
18:28 Wheelbarrow
18:12 Gold Mining
19:25 Scale Barding Armor
20:26 Chain Barding Armor
20:23 Forging
20:45 Bloodlines
21:04 Husbandry
31:27 Bow Saw
38:29 Fletching
41:13 Imperial Age
39:09 Hand Cart
39:09 Bodkin Arrow
40:59 Ballistics
42:33 Bracer
43:14 Padded Archer Armor
44:56 Leather Archer Armor
45:48 Chemistry
46:36 Parthian Tactics
46:18 Thumb Ring
47:28 Heavy Camel Rider
50:28 Iron Casting
53:44 Blast Furnace
Connection lost

Rejoining the realm…

Still unreachable

The connection could not be restored.

Session expired

The server has moved on; the page needs a fresh start.